 Dungeon Crawl Stone Soup version 0.19.5 (webtiles) character file.

2630 Presbiter the Covert (level 9, 0/46 HPs)
             Began as a Spriggan Assassin on Apr 11, 2017.
             Slain by a killer bee (8 damage)
             ... on level 7 of the Dungeon on Apr 14, 2017.
             The game lasted 04:06:43 (13482 turns).

Presbiter the Covert (Spriggan Assassin)           Turns: 13482, Time: 04:06:43

Health: 0/46       AC:  4    Str:  9    XL:     9   Next: 35%
Magic:  10/10      EV: 23    Int: 13    God:
Gold:   308        SH:  0    Dex: 18    Spells: 0 memorised, 8 levels left

rFire  + . .     SeeInvis +     a - +2 dagger
rCold  x . .     Gourm    +     N - +0 robe
rNeg   . . .     Faith    .     (shield restricted)
rPois  .         Spirit   .     (helmet restricted)
rElec  .         Reflect  .     d - +1 cloak
rCorr  .         Harm     .     (gloves unavailable)
MR     +....                    (boots unavailable)
Stlth  +++++.....               y - amulet of the gourmand
                                (no ring)
                                f - ring of fire

@: lethally poisoned (0 -> -3), very quick
A: unfitting armour, see invisible, herbivore 3, speed 3, slow metabolism 2
a: no special abilities


You were on level 7 of the Dungeon.
You were not hungry.

You visited 1 branch of the dungeon, and saw 9 of its levels.

You collected 308 gold pieces.

Inventory:

Hand Weapons
 a - a +2 dagger (weapon)
 b - a +2 blowgun
 c - a +0 dagger
 h - a cursed +0 falchion
 l - a +0 dagger
 m - a +0 flail of draining
 n - a +0 mace
 o - a +0 flail
 p - a +0 falchion
 s - a +0 short sword
 t - the +11 flail of Mifaem {venom, Str+2 Dex+3, unknown}
   (You found it on level 6 of the Dungeon)

   It poisons the flesh of those it strikes.
   It affects your strength (+2).
   It affects your dexterity (+3).
 v - a +0 hunting sling
 w - a +0 long sword
 x - a +1 hand axe of flaming
 A - a +0 rapier
 B - a +4 dagger
 C - a +0 dagger
 H - a +0 dagger
 M - a +0 shortbow
 T - a +0 dagger
Missiles
 k - 145 stones (quivered)
 q - 4 tomahawks
 I - 28 poisoned needles
 J - 37 sling bullets
 V - 120 arrows
 W - a curare-tipped needle
Armour
 d - a +1 cloak (worn)
 e - a +0 robe
 z - a cursed +0 chain mail
 N - a +0 robe (worn)
Magical Staves
 G - an uncursed staff of fire
Jewellery
 f - a ring of fire (left hand)
 y - an amulet of the gourmand (around neck)
 Z - an uncursed ring of see invisible {unknown}
Wands
 u - a wand of slowing (15/48)
 O - a wand of enslavement (14/24)
 S - a wand of iceblast (6/15)
Scrolls
 j - a scroll of amnesia
 L - a scroll of teleportation
 P - a scroll of recharging
 R - 2 scrolls of enchant armour
 X - a scroll of fog
Potions
 r - a potion of cure mutation
Comestibles
 g - 3 bread rations
 i - 6 fruits


   Skills:
 + Level 4.6 Fighting
 + Level 5.9 Short Blades
 + Level 3.8(5.5) Slings
 - Level 5.2(5.6) Throwing
 + Level 7.6 Dodging
 + Level 11.7 Stealth


You had 8 spell levels left.
You didn't know any spells.

Dungeon Overview and Level Annotations

Branches:
Dungeon (9/15)               Lair (0/6) D:9
 Temple: D:4-7          Orc: D:9-12

Altars:
Gozag
Makhleb
Nemelex Xobeh
Xom
Zin

Shops:
D:4 *

Annotations:
D:7 mtsr's ghost, novice DsBe


Innate Abilities, Weirdness & Mutations

You are very small and have problems with some larger weapons.
You are too small for most types of armour.
You have supernaturally acute eyesight. (SInv)
You are a herbivore.
You cover ground extremely quickly.
You need consume almost no food.


Message History

You feel sick. The killer bee barely misses you.
You feel sick.
You feel sick.
You feel sick. The killer bee closely misses you.
You feel sick.
There is a stone staircase leading down here.
You can't go up here!
You feel sick.
You feel sick. The killer bee misses you.
You feel sick.
You feel sick.
You feel sick. The killer bee barely misses you.
You feel sick. The killer bee closely misses you.
You feel sick.
You feel sick. The killer bee misses you.
You feel sick. The killer bee stings you!
You die...

#........# ##### ##.######.# #...
#..# #.# #.. ##.#>######.# #?#
### #.###.Z.y##.###.##...
##.#.###......†(.†.# #..#
####.###...## #..######.##.......
#.@y.y....###.....# #.#########
##.#### #. #<##### #.# .##
#.....# #.# ..# #####.# ##+## #.#
#.# ##...## ####.# ##.# ##.....##
###.##.##### ##..# ##....>..#
##..........#####...####........#


You could see 2 killer bees.

Vanquished Creatures
  Grinder (D:5)
  Eustachio (D:5)
  Duvessa (D:4)
  2 ice beasts
  A sky beast (D:7)
  2 ogres
  A black bear (D:7)
  A centaur (D:5)
  3 bullfrogs
  A scorpion (D:7)
  Dowan (D:5)
  2 killer bees (D:7)
  A howler monkey (D:4)
  5 wights (D:7)
  4 crimson imps
  A bullfrog zombie (D:6)
  6 orc wizards
  A bullfrog skeleton (D:6)
  A centaur skeleton (D:4)
  4 hounds
  4 iguanas
  A worker ant (D:4)
  A hound skeleton (D:6)
  9 adders
  2 river rats (D:3)
  2 shadow imps
  3 oozes
  3 adder skeletons
  4 worms
  A dart slug (D:1)
  2 leopard geckos
  25 orcs
  A ball python (D:3)
  6 bats
  6 giant cockroaches
  10 goblins
  10 hobgoblins
  17 jackals
  A quokka (D:6)
  3 frilled lizards
  A jackal skeleton (D:6)
  A jackal zombie (D:5)
  6 kobolds
  2 quokka skeletons
  2 quokka zombies
  9 rats
172 creatures vanquished.

Notes
Turn   | Place    | Note
-------+----------+-------------------------------------------
     0 | D:1      | Presbiter the Spriggan Assassin began the quest for the Orb.
     0 | D:1      | Reached XP level 1. HP: 10/10 MP: 2/2
    95 | D:1      | Reached skill level 6 in Stealth
   212 | D:1      | Reached XP level 2. HP: 15/15 MP: 3/3
   645 | D:1      | Reached XP level 3. HP: 14/18 MP: 4/4
   812 | D:1      | Gained mutation: Your spells are a little easier to cast, but a little less powerful. [potion of mutation]
   812 | D:1      | Gained mutation: Your mind is acute. (Int +2) [potion of mutation]
   812 | D:1      | Lost mutation: Your spells are a little easier to cast, but a little less powerful. [potion of mutation]
  1969 | D:2      | Reached skill level 7 in Stealth
  1987 | D:2      | Reached XP level 4. HP: 23/23 MP: 5/5
  2798 | D:3      | Found an opulent altar of Gozag.
  2938 | D:3      | Found a glowing drain.
  2980 | D:3      | Reached skill level 1 in Slings
  3276 | D:3      | Found a faded altar of an unknown god.
  3326 | D:3      | Reached XP level 5. HP: 12/26 MP: 6/6
  4623 | D:4      | Found Zin's Purification Station.
  4626 | D:4      | Found a glowing silver altar of Zin.
  5515 | D:4      | Reached XP level 6. HP: 31/32 MP: 7/7
  6689 | D:4      | Reached skill level 8 in Stealth
  6948 | D:4      | Lost mutation: Your mind is acute. (Int +2) [potion of cure mutation]
  7024 | D:5      | Entered Level 5 of the Dungeon
  7035 | D:5      | Noticed Duvessa
  7035 | D:5      | Noticed Dowan
  7039 | D:5      | Killed Dowan
  7097 | D:4      | Killed Duvessa
  7097 | D:4      | Reached XP level 7. HP: 28/36 MP: 8/8
  7639 | D:5      | Noticed Grinder
  7749 | D:5      | Killed Grinder
  7749 | D:5      | Reached skill level 9 in Stealth
  9117 | D:5      | Reached skill level 10 in Stealth
  9117 | D:5      | Reached XP level 8. HP: 25/40 MP: 9/9
  9876 | D:5      | Reached skill level 5 in Dodging
 10240 | D:5      | Noticed Eustachio
 10287 | D:5      | Killed Eustachio
 10287 | D:5      | Reached skill level 5 in Throwing
 10520 | D:5      | Found a shimmering altar of Xom.
 10523 | D:5      | Found a shimmering altar of Xom.
 10523 | D:5      | Found a shimmering altar of Xom.
 10524 | D:5      | Found a shimmering altar of Xom.
 11155 | D:5      | You fall through a shaft for 2 floors!
 11196 | D:7      | Noticed mtsr's ghost (novice DsBe)
 11687 | D:6      | Got a brightly glowing flail
 11710 | D:6      | Reached skill level 11 in Stealth
 11773 | D:6      | Reached skill level 5 in Short Blades
 12189 | D:6      | Found a burning altar of Makhleb.
 12189 | D:6      | Found a faded altar of an unknown god.
 12197 | D:6      | Found a sparkling altar of Nemelex Xobeh.
 12206 | D:6      | Found a faded altar of an unknown god.
 12209 | D:6      | Found a faded altar of an unknown god.
 12338 | D:6      | You fall through a shaft for 3 floors!
 12338 | D:9      | Noticed a hippogriff
 12340 | D:9      | Found a staircase to the Lair.
 12349 | D:9      | Noticed a hippogriff
 12459 | D:7      | Reached XP level 9. HP: 42/45 MP: 10/10
 13482 | D:7      | Slain by a killer bee

Skill      XL: |  1  2  3  4  5  6  7  8  9 |
---------------+----------------------------+-----
Stealth        | 6 7 8 10 11 | 11.7
Dodging        | 2 3 4 6 7 |  7.6
Fighting       | 2 3 4 |  4.6
Throwing       | 3 4 5 |  5.2
Slings         | 1 2 3 |  3.8
Short Blades   | 3 4 5 |  5.9

Action                   |  1- 3 |  4- 6 |  7- 9 || total
-------------------------+-------+-------+-------++-------
Melee: Dagger            |    64 |   132 |   594 ||   790
       Flail             |       |       |    10 ||    10
       Staff             |       |       |     5 ||     5
       Hand axe          |       |       |     3 ||     3
 Fire: Blowgun           |    50 |   129 |    92 ||   271
       Hunting sling     |       |    25 |   130 ||   155
Throw: Stone             |    23 |    49 |   121 ||   193
Evoke: Wand              |       |     1 |     1 ||     2
  Use: Scroll            |     6 |     8 |     4 ||    18
       Potion            |     3 |     3 |     2 ||     8
 Stab: Sleeping          |    11 |     6 |    21 ||    38
  Eat: Bread ration      |       |     1 |       ||     1
       Fruit             |       |       |     1 ||     1
       Pizza             |       |       |     1 ||     1
       Royal jelly       |       |       |     1 ||     1
Armor: Robe              |    11 |    15 |    51 ||    77
Dodge: Dodged            |    70 |   156 |   386 ||   612
